 Dungeon Crawl Stone Soup version 0.21-a0-460-g737a915 (webtiles) character file.

2188 qqqbard the Thaumaturge (level 9, 0/45 HPs)
             Began as a Deep Elf Earth Elementalist on Nov 21, 2017.
             Was a Follower of Vehumet.
             Slain by a sky beast (5 damage)
             ... on level 6 of the Dungeon.
             The game lasted 00:12:01 (7000 turns).

qqqbard the Thaumaturge (DEEE)                      Turns: 7000, Time: 00:12:03

Health: 0/45       AC:  4    Str:  5    XL:     9   Next: 12%
Magic:  3/25       EV: 13    Int: 24    God:    Vehumet [*.....]
Gold:   378        SH:  0    Dex: 15    Spells: 16/28 levels left

rFire    . . .     SeeInvis .   o - +0 short sword
rCold    . . .     Gourm    +   (no shield)
rNeg     . . .     Faith    .   c - +0 robe
rPois    .         Spirit   .   x - +0 helmet
rElec    .         Reflect  .   r - +0 cloak
rCorr    .         Harm     .   (no gloves)
MR       .....                  (no boots)
Stlth    ++........             w - amulet of the gourmand
HPRegen  0.15/turn              (no ring)
MPRegen  0.19/turn              (no ring)

@: no status effects
A: no striking features
a: Renounce Religion


You were on level 6 of the Dungeon.
You worshipped Vehumet.
Vehumet was aware of your devotion.
You were very full.

You visited 2 branches of the dungeon, and saw 7 of its levels.
You also visited: Sewer.

You collected 378 gold pieces.

Inventory:

Hand Weapons
 o - a +0 short sword (weapon)
 E - a +0 quarterstaff
Missiles
 b - 20 stones (quivered)
Armour
 c - a +0 robe (worn)
 r - a +0 cloak (worn)
 x - a +0 helmet (worn)
Jewellery
 w - an amulet of the gourmand (around neck)
 D - a +3 amulet of reflection {unknown}
Scrolls
 a - a scroll of blinking {unknown}
 f - 4 scrolls of remove curse {unknown}
 g - a scroll of noise {unknown}
 i - 3 scrolls of identify
 m - a scroll of magic mapping {unknown}
 p - 3 scrolls of fear {unknown}
 s - a scroll of amnesia {unknown}
 t - 2 scrolls of teleportation {unknown}
 u - a scroll of immolation {unknown}
 y - a scroll of enchant armour {unknown}
 B - 2 scrolls of fog {unknown}
 C - a scroll of enchant weapon {unknown}
Potions
 j - 4 potions of curing {unknown}
 l - 3 potions of heal wounds {unknown}
 n - 3 potions of might {unknown}
 q - 5 potions of magic {unknown}
 v - 2 potions of mutation {unknown}
 A - 2 potions of ambrosia {unknown}
Books
 e - a book of Geomancy

   Spells                             Type                      Level
   a - Sandblast                      Earth                        1
   b - Passwall                       Transmutation/Earth          2
   c - Stone Arrow                    Conjuration/Earth            3
   d - Petrify                        Transmutation/Earth          4
   e - Lee's Rapid Deconstruction     Earth                        5
 F - a Young Poisoner's Handbook

   Spells                             Type                      Level
   a - Sting                          Conjuration/Poison           1
   b - Poisonous Vapours              Poison/Air                   2
   c - Mephitic Cloud                 Conjuration/Poison/Air       3
   d - Olgreb's Toxic Radiance        Poison                       4
   e - Venom Bolt                     Conjuration/Poison           5
Comestibles
 d - 5 bread rations
 h - 2 royal jellies
 k - 3 fruits
 z - a meat ration


   Skills:
 - Level 2.4 Dodging
 - Level 2.4 Stealth
 + Level 10.0 Spellcasting
 + Level 6.7 Conjurations
   Level 1.1 Transmutations
 + Level 8.6 Earth Magic


You had 16 spell levels left.
You knew the following spells:

 Your Spells              Type           Power        Failure   Level  Hunger
a - Sandblast             Erth           ######       1%          1    None
b - Stone Arrow           Conj/Erth      #####.       1%          3    None
c - Lee's Rapid Deconstr  Erth           ######....   4%          5    ####...
d - Mephitic Cloud        Conj/Pois/Air  ###.....     6%          3    None


Dungeon Overview and Level Annotations

Branches:
Dungeon (6/15)             Temple (1/1) D:5

Altars:
Ashenzari
Cheibriados
Dithmenos
Elyvilon
Fedhas
Gozag
Kikubaaqudgha
Makhleb
Nemelex Xobeh
Qazlal
Ru
Sif Muna
Trog
Uskayaw
Vehumet
Wu Jian
Xom
Yredelemnul
Zin
The Shining One


Message History

You hit something but do no damage. Something hits you. Something shocks you.
You are too injured to fight recklessly!
You are too injured to fight recklessly!
You are too injured to fight recklessly!
You are too injured to fight recklessly!
You are too injured to fight recklessly!
You are too injured to fight recklessly!
You are too injured to fight recklessly!
Casting: Stone Arrow
Confirm with . or Enter, or press ? or * to list all spells.
You don't have enough magic to cast that spell.
You barely miss something. Something hits you but does no damage.
You barely miss something. Something completely misses you.
The rat twitches its whiskers.
You miss something. Something hits you. Something shocks you.
* * * LOW HITPOINT WARNING * * *
You completely miss something. Something hits you.
* * * LOW HITPOINT WARNING * * *
Something shocks you.
You die...

.##..# .....#
.....# . ....## ..
.#### ... .##### #
.... .....# #.
##rr. ####.####
#.####†r# #.##.##
##..#@#
#...#.###.##†##..#
#.##.#.##.†)...#
#.###.#..###...#
####.# ######
...#.# .....#
###.## ###### #.#
.....# .# ####.# .


You could see 2 river rats and a rat.

Vanquished Creatures
  Pikel (D:5)
  A hippogriff (D:4)
  A sky beast (Temple)
  A phantom (D:5)
  A slave (D:5)
  An ogre (D:5)
  2 centaurs (D:6)
  Blork the orc (D:4)
  2 bullfrogs (D:6)
  2 scorpions
  A howler monkey (D:6)
  2 crimson imps (D:6)
  A bullfrog zombie (D:5)
  A hound (D:4)
  2 bullfrog skeletons
  2 jellies
  An orc wizard (D:6)
  2 orc priests (D:6)
  An iguana (D:5)
  8 worker ants
  4 gnolls (D:3)
  4 river rats (D:6)
  8 adders
  3 oozes
  3 worms (D:3)
  2 dart slugs (D:1)
  A leopard gecko (D:6)
  11 orcs
  5 ball pythons
  2 bats (D:1)
  3 giant cockroaches
  4 goblins
  9 hobgoblins
  9 jackals
  8 quokkas
  A ball python skeleton (D:4)
  6 frilled lizards
  A jackal skeleton (D:6)
  13 kobolds
  A quokka skeleton (D:4)
  A quokka zombie (D:5)
  15 rats
  A plant (Sewer)
149 creatures vanquished.

Vanquished Creatures (others)
  A giant cockroach (D:5)
1 creature vanquished.

Grand Total: 150 creatures vanquished

Notes
Turn   | Place    | Note
-------+----------+-------------------------------------------
     0 | D:1      | qqqbard the Deep Elf Earth Elementalist began the quest for the Orb.
     0 | D:1      | Reached XP level 1. HP: 10/10 MP: 6/6
    99 | D:1      | Reached XP level 2. HP: 14/15 MP: 4/8
   521 | D:1      | Reached skill level 4 in Spellcasting
   671 | D:1      | Reached XP level 3. HP: 8/19 MP: 7/10
   862 | D:2      | Learned a level 3 spell: Stone Arrow
   947 | D:2      | Found a faded altar of an unknown god.
  1123 | D:2      | Reached XP level 4. HP: 24/24 MP: 3/12
  1557 | D:3      | Found a glowing drain.
  1591 | Sewer    | Entered a sewer
  1853 | Sewer    | Reached skill level 5 in Spellcasting
  2721 | D:3      | Reached skill level 5 in Earth Magic
  2748 | D:3      | Reached XP level 5. HP: 28/28 MP: 7/14
  2811 | D:3      | Learned a level 5 spell: Lee's Rapid Deconstruction
  3631 | D:4      | Reached skill level 1 in Conjurations
  3800 | D:4      | Reached skill level 6 in Spellcasting
  3804 | D:4      | Reached XP level 6. HP: 26/32 MP: 0/17
  3828 | D:4      | Noticed a hippogriff
  3866 | D:4      | Noticed Blork the orc
  3880 | D:4      | Killed Blork the orc
  4159 | D:4      | Killed a hippogriff
  4159 | D:4      | Reached skill level 7 in Spellcasting
  4159 | D:4      | Reached XP level 7. HP: 36/36 MP: 3/19
  4934 | D:5      | Entered Level 5 of the Dungeon
  4972 | D:5      | Found a staircase to the Ecumenical Temple.
  5004 | D:5      | Noticed Pikel
  5021 | Temple   | Entered the Ecumenical Temple
  5536 | D:5      | Killed Pikel
  5536 | D:5      | Reached skill level 8 in Spellcasting
  5536 | D:5      | Reached skill level 5 in Conjurations
  5536 | D:5      | Reached XP level 8. HP: 26/41 MP: 15/22
  5762 | D:5      | Reached skill level 9 in Spellcasting
  5917 | D:5      | Found a snail-covered altar of Cheibriados.
  5919 | D:5      | Found an ornate altar of the Wu Jian Council.
  5919 | D:5      | Found a shadowy altar of Dithmenos.
  5921 | D:5      | Found a hide-covered altar of Uskayaw.
  5927 | D:5      | Found a radiant altar of Vehumet.
  6054 | D:5      | Found a blossoming altar of Fedhas.
  6176 | D:5      | Became a worshipper of Vehumet
  6374 | D:6      | Reached XP level 9. HP: 13/45 MP: 0/24
  6918 | D:6      | Reached * piety under Vehumet
  6918 | D:6      | Offered knowledge of Flame Tongue by Vehumet.
  6941 | D:6      | Learned a level 3 spell: Mephitic Cloud
  6992 | D:6      | Reached skill level 10 in Spellcasting
  7000 | D:6      | Slain by a sky beast

Vault maps used:
D:1:      dpeg_arrival_windows_large_door
D:2:      chequers_ecumenical_altar_island, roderic_roman_lattice
D:3:      cheibrodos_sewer_entry_bend
D:4:      kennysheep_generic_room_3, uniq_blork_the_orc
D:5:      minitemple, fedhas_altar_2, temple_pool_b, first_bread, uniq_pikel
D:6:      lemuel_ratsnest
Temple:   minmay_temple_curvy_branch
Sewer:    sewer_co_scattered_pipes

Skill      XL: |  1  2  3  4  5  6  7  8  9 |
---------------+----------------------------+-----
Spellcasting   | 4 5 6 7 8 9 10 | 10.0
Earth Magic    | 4 5 6 7 8 |  8.6
Conjurations   | 1 3 5 6 |  6.7
Dodging        | |  2.4
Stealth        | |  2.4
Transmutations | |  1.1

Action                   |  1- 3 |  4- 6 |  7- 9 || total
-------------------------+-------+-------+-------++-------
Melee: Unarmed           |    34 |    16 |       ||    50
       Short sword       |       |    48 |    79 ||   127
 Cast: Sandblast         |    40 |    11 |    29 ||    80
       Stone Arrow       |     7 |    70 |    72 ||   149
  Use: Scroll            |       |       |     1 ||     1
 Stab: Sleeping          |     1 |       |       ||     1
  Eat: Chunk             |     1 |     9 |    11 ||    21
       Bread ration      |       |     1 |       ||     1
       Meat ration       |       |       |     1 ||     1
Armor: Robe              |     8 |     5 |    17 ||    30
Dodge: Dodged            |    33 |    37 |    73 ||   143

Table legend:
 A = Spawn XP
 B = Non-spawn XP
 C = Spawn XP percentage of total XP
 D = Spawn monster count
 E = Non-spawn monster count
 F = Spawn count percentage of total count
 G = Total turns spent on level
                    A         B        C        D         E        F      G
               +---------+---------+-------+---------+---------+-------+---------
         Total |       0 |    3127 |   0.0 |       0 |     147 |   0.0 |  7000
               +---------+---------+-------+---------+---------+-------+---------
           D:1 |       0 |      45 |   0.0 |       0 |      24 |   0.0 |   819
           D:2 |       0 |      67 |   0.0 |       0 |      20 |   0.0 |   723
           D:3 |       0 |     113 |   0.0 |       0 |      14 |   0.0 |  1036
           D:4 |       0 |     672 |   0.0 |       0 |      19 |   0.0 |  1353
           D:5 |       0 |    1104 |   0.0 |       0 |      14 |   0.0 |   758
           D:6 |       0 |     955 |   0.0 |       0 |      37 |   0.0 |   809
        Temple |       0 |     132 |   0.0 |       0 |       1 |   0.0 |   499
         Sewer |       0 |      39 |   0.0 |       0 |      18 |   0.0 |  1003
               +---------+---------+-------+---------+---------+-------+---------
